 Dungeon Crawl Stone Soup version 0.19.5 (webtiles) character file.

244 sveltemanboy the Poker (level 5, -9/42 HPs)
             Began as a Demonspawn Monk on Mar 30, 2017.
             Mangled by an ogre
             ... wielding a +0 giant club
              (25 damage)
             ... on level 4 of the Dungeon.
             The game lasted 00:05:45 (2860 turns).

sveltemanboy the Poker (Demonspawn Monk)            Turns: 2860, Time: 00:05:45

Health: -9/42      AC:  6    Str: 12    XL:     5   Next: 83%
Magic:  5/5        EV: 11    Int: 12    God:
Gold:   194        SH:  0    Dex: 15    Spells: 0 memorised, 4 levels left

rFire  . . .     SeeInvis .     m - +0 dagger (venom)
rCold  . . .     Gourm    .     j - +0 ring mail
rNeg   . . .     Faith    .     (no shield)
rPois  .         Spirit   .     (no helmet)
rElec  .         Reflect  .     (no cloak)
rCorr  .         Harm     .     (no gloves)
MR     .....                    (no boots)
Stlth  +.........               (no amulet)
                                (no ring)
                                (no ring)

@: no status effects
A: talons 1, rugged brown scales 1
a: no special abilities


You were on level 4 of the Dungeon.
You were not hungry.

You visited 1 branch of the dungeon, and saw 6 of its levels.

You collected 194 gold pieces.

Inventory:

Hand Weapons
 a - a +0 spear
 m - a +0 dagger of venom (weapon)
Missiles
 q - 4 tomahawks (quivered)
Armour
 j - a +0 ring mail (worn)
Scrolls
 b - 4 scrolls of teleportation {unknown}
 h - 3 scrolls of identify {unknown}
 l - a scroll of blinking {unknown}
 r - a scroll of amnesia {unknown}
 t - a scroll of fog {unknown}
Potions
 e - a potion of cure mutation {unknown}
 k - a potion of haste {unknown}
 n - a potion of cancellation {unknown}
 p - a potion of agility {unknown}
 s - a potion of lignification {unknown}
Comestibles
 c - 6 bread rations
 d - a slice of pizza
 f - a beef jerky
 i - 2 meat rations
 o - a royal jelly
 u - a chunk of flesh


   Skills:
 - Level 3.0 Fighting
 * Level 5.5 Polearms
 - Level 2.0 Armour
 - Level 2.6 Dodging
 - Level 1.7 Stealth


You had 4 spell levels left.
You didn't know any spells.

Dungeon Overview and Level Annotations

Branches:
Dungeon (6/15)
 Temple: D:4-7

Altars:
Hepliaklqana
Trog
Vehumet
The Shining One


Innate Abilities, Weirdness & Mutations

You have sharp toenails.
You are partially covered in rugged brown scales. (AC +1, +3% HP)


Message History

The explosion of tomahawk fragments engulfs the ogre.
The ogre is severely wounded.
A worker ant comes into view.
Really attack barehanded? [Y]es or [N]o only, please.
Really attack barehanded? [Y]es or [N]o only, please.
Really attack barehanded? [Y]es or [N]o only, please.
Really attack barehanded?
Okay, then.
Wield which item (- for none, * to show all)? (? for menu, Esc to quit)
Your +0 dagger of venom begins to drip with poison!
m - a +0 dagger of venom (weapon)
The ogre hits you with a giant club!
You hit the ogre.
The ogre is severely wounded.
The ogre hits you with a giant club!!
Ouch! That really hurt!
You die...

## ## #. .#
#.####.#
####......#
.......@..# #
#####...O##.###
#............#
#....†.....#.#
#.............
#..........a.#
#..>.........Z
#..#.#######.#
#..#.# .#


You could see an ogre, a worker ant and a quokka skeleton (wandering).

Vanquished Creatures
  A howler monkey (D:6)
  A crimson imp (D:3)
  A hound (D:4)
  A centaur skeleton (D:4)
  Natasha (D:2)
  3 adders (D:3)
  A worm (D:3)
  2 dart slugs
  2 orcs (D:3)
  8 bats
  6 giant cockroaches
  4 hobgoblins
  2 quokkas
  A frilled lizard (D:1)
  9 goblins
  6 kobolds
  9 rats
58 creatures vanquished.

Notes
Turn   | Place    | Note
-------+----------+-------------------------------------------
     0 | D:1      | sveltemanboy the Demonspawn Monk began the quest for the Orb.
     0 | D:1      | Reached XP level 1. HP: 18/18 MP: 1/1
   181 | D:1      | Reached skill level 3 in Polearms
   186 | D:1      | Gained mutation: You are partially covered in rugged brown scales. (AC +1, +3% HP) [demonic ancestry]
   186 | D:1      | Reached XP level 2. HP: 18/24 MP: 2/2
   514 | D:1      | Reached skill level 1 in Armour
  1071 | D:2      | Found a radiant altar of Vehumet.
  1201 | D:2      | Gained mutation: You have sharp toenails. [demonic ancestry]
  1201 | D:2      | Reached XP level 3. HP: 29/29 MP: 3/3
  1339 | D:2      | Noticed Natasha
  1351 | D:2      | Killed Natasha
  1517 | D:2      | Found a bloodstained altar of Trog.
  1705 | D:3      | Reached XP level 4. HP: 36/36 MP: 4/4
  1772 | D:3      | Reached skill level 4 in Polearms
  1994 | D:3      | Found a glowing golden altar of the Shining One.
  2020 | D:3      | Found a hazy altar of Hepliaklqana.
  2206 | D:3      | Reached XP level 5. HP: 42/42 MP: 5/5
  2453 | D:3      | You fall through a shaft for 3 floors!
  2474 | D:5      | Entered Level 5 of the Dungeon
  2474 | D:5      | Noticed an ogre
  2491 | D:6      | Reached skill level 5 in Polearms
  2854 | D:4      | Noticed an ogre
  2860 | D:4      | Mangled by an ogre

Skill      XL: |  1  2  3  4  5 |
---------------+----------------+-----
Polearms       | 3 4 5 |  5.5
Armour         | 1 2 |  2.0
Fighting       | |  3.0
Dodging        | |  2.6
Stealth        | |  1.7

Action                   |  1- 3 |  4- 6 || total
-------------------------+-------+-------++-------
Melee: Spear             |    98 |    63 ||   161
       Kick              |    18 |    41 ||    59
       Dagger            |    15 |    76 ||    91
Throw: Tomahawk          |     1 |     5 ||     6
 Stab: Sleeping          |     8 |       ||     8
  Eat: Chunk             |     3 |     3 ||     6
Armor: Robe              |     7 |       ||     7
       Ring mail         |    20 |    45 ||    65
Dodge: Dodged            |    38 |    75 ||   113
